cohdb
Replays
Latest Replays
All Replays
Popular Replays
Top Player Replays
Match Explorer
How It Works
Community
CoH3 Stats
Reddit
Sign in to upload your games and track your stats! →
Sign in with Steam
Match 44174260
Unlisted
Match 44174260
Overview
Messages
Build Orders
End
Selects Heavy Weapons
Engineer Squad
Construct Weapon Support Center
M1919 Machine Gun Team
Engineer Squad
M1919 Machine Gun Team
Bazooka Squad
Infantry Support Center
Selects M2HB .50cal Heavy Machine Gun
Selects Assault Carriers
M3 Assault Carrier
Engineer Squad
Selects M2HB .50cal Heavy Machine Gun
Selects Halftrack Strongpoints
M3 Assault Carrier
Dahlian
Bish Bash Bosh
Mace
Humbarwhy
AhmedMousa
SeMooS
abbodhadid1
ZA3IM
0
0
Comments
sign in to comment!
No comments posted yet!